 Dungeon Crawl Stone Soup version 0.19.0-19-g8c6edcc (console) character file.

91 flowsnake the Slasher (level 4, -4/45 HPs)
             Began as a Demonspawn Gladiator on Nov 14, 2016.
             Was an Initiate of Ashenzari.
             Slain by a worm (6 damage)
             ... on level 4 of the Dungeon.
             The game lasted 00:06:47 (1719 turns).

flowsnake the Slasher (Demonspawn Gladiator)        Turns: 1719, Time: 00:06:48

Health: -4/45      AC: 22    Str: 12 (15) XL:     4   Next: 33%
Magic:  4/4        EV:  2    Int: 14 (15) God:    Ashenzari [......]
Gold:   114        SH:  5    Dex: 14 (16) Spells: 0 memorised, 3 levels left

rFire  . . .     SeeInvis .     a - +0 long sword
rCold  . . .     Gourm    .     (armour currently unavailable)
rNeg   + + +     Faith    .     (no shield)
rPois  +         Spirit   .     (helmet currently unavailable)
rElec  .         Reflect  +     (cloak currently unavailable)
rCorr  .         Harm     .     (gloves currently unavailable)
MR     .....     NoTele   +     (boots currently unavailable)
Stlth  +++.......               i - +5 amulet of reflection
                                (no ring)
                                l - ring of teleportation (curse)

@: brilliant, lethally poisoned (-4 -> -5), tree-form
A: thin skeletal structure 1, frail 1, mutation resistance 1, nightstalker 1,
powered by death 1
a: Curse Item, Renounce Religion


You were on level 4 of the Dungeon.
You worshipped Ashenzari.
Ashenzari was noncommittal.
You were near starving.
You were a tree.
You visited 1 branch of the dungeon, and saw 4 of its levels.

You collected 114 gold pieces.

Inventory:

Hand Weapons
 a - a +0 long sword (weapon)
Missiles
 d - 3 throwing nets (quivered)
Armour
 b - a +0 leather armour (melded)
 c - a +0 helmet (melded)
 e - a +0 cloak (melded)
Jewellery
 i - a +5 amulet of reflection (around neck)
 l - a cursed ring of teleportation (left branch)
Wands
 j - a wand of polymorph (8/24)
Scrolls
 k - a scroll of recharging
Potions
 n - a potion of degeneration
Comestibles
 f - a bread ration
 q - a slice of pizza


   Skills:
 + Level 2.6 Fighting
 + Level 4.3 Long Blades
 - Level 1.7 Throwing
 - Level 0.1 Armour
 - Level 2.6 Dodging
 - Level 0.2 Stealth


You had 3 spell levels left.
You didn't know any spells.

Dungeon Overview and Level Annotations

Branches:
Dungeon (4/15)             Temple (0/1) D:4

Altars:
Ashenzari

Annotations:
D:3 Nordron's ghost, amateur MiHu


Innate Abilities, Weirdness & Mutations

You have a somewhat thin skeletal structure. (Dex +2, Stealth)
You are slightly more attuned to the shadows.
You regenerate a little health from kills.
You are frail. (-10% HP)
You are somewhat resistant to further mutation.


Message History

It was a potion of brilliance.
You feel clever all of a sudden. The adder barely misses you.
The worm bites you.
* * * LOW HITPOINT WARNING * * *
It was a potion of lignification.
You turn into a tree.
Your +0 cloak melds into your body.
Your +0 helmet melds into your body.
Your +0 leather armour melds into your body.
Your roots penetrate the ground.
* * * LOW HITPOINT WARNING * * *
You feel sick. The adder bites you but does no damage.
You block the adder's attack. You block the worm's attack.
You hit the worm.
The worm is almost dead.
The adder bites you but does no damage.
You hit the worm but do no damage.
The worm is almost dead.
The adder bites you but does no damage. You block the worm's attack.
The adder bites you but does no damage.
You barely miss the worm.
The worm is almost dead.
* * * LOW HITPOINT WARNING * * *
You feel sick. The adder bites you but does no damage. The worm bites you.
You die...

▓·▓▓····<▓··▓·▓··▓·▓▓▓▓·▓▓▓▓·▓··▓··▓▓
▓▓▓▓▓·▓▓▓▓▓▓▓▓··▓·▓··▓·▓ ▓·▓·8·∩·8····▓
▓·················▓··▓·▓ ▓·▓·▓▓·▓··▓▓·▓
▓·····▓▓▓▓▓▓▓▓▓▓▓▓▓····▓▓▓▓·▓·▓▓8▓··▓▓·▓▓
▓·················▲·······▓·▓····▓·▓▓▓··▓
▓······▓▓▓▓▓▓▓▓▓▓▓▓···▓▓▓·▓·▓····▓▲▓▓▓▓·▓
▓▓▓▓······▓▓▓▓ ▓···▓ ▓·▓·▓·▓··········
▓>█·▓▓····▓ ▓···▓ ▓·▓·▓·▓··········
▓·█··█····▓ ▓···▓▓▓·▓·▓·▓▓·········
█████·██·▓····▓ ▓▓······▓·▓·▓▓·········
█········▓····▓▓▓█████████▓▓·▓·▓▓·········
█····$█▓▓▓·············<·····▓·▓▓········▓
█·····█ ▓▓▓▓▓▓▓▓█······██████·▓▓········▓
█·····█ █···········█·▓▓········▓ █w♣···█
█···········█·▓▓▓▓▓▓▓▓▓▓▓ █·S···█
█·····███████·▓ █·····█ █·····▲·······▓
█·····█ █·····▓▓▓▓▓▓▓▓▓ █···!·█ █·····▓
█·····█ █·····▓


███████ ▓▓▓▓▓▓▓ You could see a worm and an adder.

Vanquished Creatures
  A bullfrog skeleton (D:4)
  2 adders
  2 worms (D:2)
  A leopard gecko (D:1)
  7 bats
  2 giant cockroaches
  5 goblins
  6 hobgoblins
  2 ball pythons (D:1)
  2 frilled lizards (D:1)
  5 kobolds
  8 rats
43 creatures vanquished.

Notes
Turn   | Place    | Note
-------+----------+-------------------------------------------
     0 | D:1      | flowsnake the Demonspawn Gladiator began the quest for the Orb.
     0 | D:1      | Reached XP level 1. HP: 16/16 MP: 1/1
    85 | D:1      | Reached skill level 3 in Long Blades
   217 | D:1      | Gained mutation: You are slightly more attuned to the shadows. [demonic ancestry]
   217 | D:1      | Reached XP level 2. HP: 21/22 MP: 2/2
   804 | D:2      | Gained mutation: You regenerate a little health from kills. [demonic ancestry]
   804 | D:2      | Reached XP level 3. HP: 18/27 MP: 3/3
  1136 | D:2      | Found a shattered altar of Ashenzari.
  1143 | D:2      | Became a worshipper of Ashenzari the Shackled
  1329 | D:2      | Reached skill level 4 in Long Blades
  1561 | D:3      | Noticed Nordron's ghost (amateur MiHu)
  1657 | D:4      | Gained mutation: You have a somewhat thin skeletal structure. (Dex +2, Stealth) [demonic ancestry]
  1657 | D:4      | Reached XP level 4. HP: 11/34 MP: 4/4
  1703 | D:4      | Found a staircase to the Ecumenical Temple.
  1714 | D:4      | Gained mutation: You are frail. (-10% HP) [potion of mutation]
  1714 | D:4      | Gained mutation: You are somewhat resistant to further mutation. [potion of mutation]
  1716 | D:4      | HP: 2/45 [poisoned by an adder]
  1719 | D:4      | Slain by a worm

Skill      XL: |  1  2  3 |
---------------+----------+-----
Long Blades    | 3 4 |  4.3
Fighting       | |  2.6
Throwing       | |  1.7
Armour         | |  0.1
Dodging        | |  2.6
Stealth        | |  0.2

Action                   |  1- 3 |  4- 6 || total
-------------------------+-------+-------++-------
Melee: Long sword        |   128 |    11 ||   139
  Use: Scroll            |     4 |       ||     4
       Potion            |       |     4 ||     4
 Stab: Sleeping          |    13 |     1 ||    14
  Eat: Chunk             |     1 |       ||     1
Armor: Leather armour    |    40 |     1 ||    41
       Skin              |       |     5 ||     5
Dodge: Dodged            |    75 |     8 ||    83
Block: Other             |    15 |     5 ||    20
       Rpst.: Long sword |    27 |     5 ||    32
